 Dungeon Crawl Stone Soup version 0.21-a0-509-gecc5317 (webtiles) character file.

119 Gerstahl the Slasher (level 5, -8/50 HPs)
             Began as a Naga Gladiator on Nov 30, 2017.
             Mangled by an ogre
             ... wielding a +0 giant club
              (20 damage)
             ... on level 4 of the Dungeon.
             The game lasted 00:03:32 (2659 turns).

Gerstahl the Slasher (Naga Gladiator)               Turns: 2659, Time: 00:03:33

Health: -8/50      AC:  5    Str: 16    XL:     5   Next: 3%
Magic:  5/5        EV: 10    Int:  9    God:
Gold:   228        SH:  0    Dex: 13    Spells: 4/4 levels left

rFire    . . .     SeeInvis +   a - +0 long sword
rCold    . . .     Gourm    .   (no shield)
rNeg     . . .     Faith    .   b - +0 leather armour
rPois    +         Spirit   .   c - +0 helmet
rElec    .         Reflect  .   s - +0 cloak
rCorr    .         Harm     .   (no gloves)
MR       .....                  (no barding)
Stlth    +.........             (no amulet)
HPRegen  0.16/turn              (no ring)
MPRegen  0.09/turn              (no ring)

@: short of breath, very slow
A: large, see invisible, deformed body, poison resistance, slowness 2, slow
metabolism 1, spit poison 1, AC +1
a: Spit Poison


You were on level 4 of the Dungeon.
You were near starving.

You visited 1 branch of the dungeon, and saw 4 of its levels.

You collected 228 gold pieces.

Inventory:

Hand Weapons
 a - a +0 long sword (weapon)
Missiles
 d - 3 throwing nets (quivered)
Armour
 b - a +0 leather armour (worn)
 c - a +0 helmet (worn)
 i - a scarf of cloud immunity
 s - a +0 cloak (worn)
Jewellery
 k - a +3 ring of evasion {unknown}
 n - an uncursed amulet of rage {unknown}
 t - a cursed amulet of inaccuracy {unknown}
 w - an uncursed amulet of guardian spirit {unknown}
Wands
 o - a wand of flame (37)
 r - a wand of iceblast (10)
Scrolls
 e - a scroll of enchant weapon {unknown}
 g - 5 scrolls of teleportation {unknown}
 p - 2 scrolls of remove curse {unknown}
 q - a scroll of random uselessness {unknown}
 u - 3 scrolls of identify {unknown}
 x - a scroll of fear {unknown}
Potions
 l - 2 potions of curing {unknown}
 v - a potion of heal wounds {unknown}
Comestibles
 f - 4 bread rations
 h - 2 royal jellies
 j - a meat ration
 m - 10 fruits


   Skills:
 + Level 3.8 Fighting
 + Level 4.4 Long Blades
 - Level 1.7 Throwing
 - Level 2.4 Dodging


You had 4 spell levels left.
You didn't know any spells.

Dungeon Overview and Level Annotations

Branches:
Dungeon (4/15)
 Temple: D:4-7

Altars:
Ashenzari
Vehumet
Wu Jian


Innate Abilities, Weirdness & Mutations

You cannot wear boots.
Your serpentine skin is tough. (AC +1)
You have supernaturally acute eyesight. (SInv)
Armour fits poorly on your strangely shaped body.
Your system is resistant to poisons. (rPois)
You cover ground very slowly.
You have a slow metabolism.
You can spit poison.


Message History

The ogre closely misses you.
You hit the ogre.
The ogre is moderately wounded.
The ogre barely misses you.
You hit the ogre.
The ogre is moderately wounded.
The ogre hits you with a giant club!!
You hit the ogre.
The ogre is moderately wounded.
The ogre barely misses you.
You slash the ogre!
The ogre is severely wounded.
The ogre hits you with a giant club!!
* * * LOW HITPOINT WARNING * * *
Press: ? - help, Shift-Dir - straight line, f - ogre
Aim: an ogre, wielding a giant club (severely wounded)
The splash of poison hits the ogre.
The ogre is poisoned.
The ogre is almost dead.
You feel slightly more hungry. The ogre hits you with a giant club!!
You die...

#.# #....# #.. #.#
#....######.. #.#
#............
##.###.....#####..
#......<......##..
#..###.#+####.##..
###..#..... ##..
#.##[...#.#.#..#
#..
#.....@##.#.#..#
#.. #..#.#O...#.#
.# #.. #.
#......#.# . #.. #
.....#)#.# .. ###
......#.# ######.#
# .# .#


You could see an ogre.

Vanquished Creatures
  Natasha (twice) (D:2)
  An adder (D:2)
  A shadow imp (D:3)
  2 worms (D:2)
  2 leopard geckos
  5 bats
  5 giant cockroaches
  4 goblins
  8 hobgoblins
  A quokka (D:2)
  2 frilled lizards
  6 kobolds
  8 rats
47 creatures vanquished.

Notes
Turn   | Place    | Note
-------+----------+-------------------------------------------
     0 | D:1      | Gerstahl the Naga Gladiator began the quest for the Orb.
     0 | D:1      | Reached XP level 1. HP: 19/19 MP: 1/1
   162 | D:1      | Reached XP level 2. HP: 27/27 MP: 2/2
   640 | D:2      | Reached XP level 3. HP: 28/33 MP: 3/3
  1298 | D:2      | Found a radiant altar of Vehumet.
  1301 | D:2      | Found an ornate altar of the Wu Jian Council.
  1412 | D:2      | Noticed Natasha
  1420 | D:2      | Killed Natasha
  1420 | D:2      | Reached skill level 4 in Long Blades
  1420 | D:2      | Reached XP level 4. HP: 34/42 MP: 4/4
  1678 | D:2      | Noticed Natasha
  1681 | D:2      | Killed Natasha
  1875 | D:3      | Found a shattered altar of Ashenzari.
  2219 | D:3      | Reached XP level 5. HP: 42/50 MP: 5/5
  2650 | D:4      | Noticed an ogre
  2659 | D:4      | Mangled by an ogre

Vault maps used:
D:1:      minmay_arrival_stone_box, minmay_split_cup_small
D:2:      chequers_temple_overflow_statue_of_worship, first_bread, uniq_natasha
D:3:      minmay_misc_feat_tiny, st_stairs_6, nicolae_ashenzari_panopticon

Skill      XL: |  1  2  3 |
---------------+----------+-----
Fighting       | 3 |  3.8
Long Blades    | 4 |  4.4
Throwing       | |  1.7
Dodging        | |  2.4

Action                   |  1- 3 |  4- 6 || total
-------------------------+-------+-------++-------
Melee: Long sword        |    89 |    32 ||   121
 Abil: Spit Poison       |     7 |     1 ||     8
  Eat: Chunk             |     1 |     2 ||     3
Armor: Leather armour    |    33 |     9 ||    42
Dodge: Dodged            |    47 |    26 ||    73
       Rpst.: Long sword |    11 |     8 ||    19

Table legend:
 A = Spawn XP
 B = Non-spawn XP
 C = Spawn XP percentage of total XP
 D = Spawn monster count
 E = Non-spawn monster count
 F = Spawn count percentage of total count
 G = Total turns spent on level
                    A         B        C        D         E        F      G
               +---------+---------+-------+---------+---------+-------+---------
         Total |       0 |     170 |   0.0 |       0 |      47 |   0.0 |  2659
               +---------+---------+-------+---------+---------+-------+---------
           D:1 |       0 |      31 |   0.0 |       0 |      20 |   0.0 |   610
           D:2 |       0 |     113 |   0.0 |       0 |      18 |   0.0 |  1100
           D:3 |       0 |      24 |   0.0 |       0 |       8 |   0.0 |   818
           D:4 |       0 |       2 |   0.0 |       0 |       1 |   0.0 |   131
               +---------+---------+-------+---------+---------+-------+---------
